Map: Rhoskallian LE

Players

Ekelpack - Winner!

  • Race: Zerg Zerg
  • Spawn Location: 12:00

Nyck - Winner!

  • Race: Terran Terran
  • Spawn Location: 11:00

DrWhiskers

  • Race: Zerg Zerg
  • League: Platinum
  • Spawn Location: 5:00

MrBiscuit

  • Race: Terran Terran
  • League: Master
  • Spawn Location: 6:00

VOD

Have the link to the VOD?

Description

Time

  • Played on: Oct. 8, 2024, 12:52 p.m.
  • Length: 13:23
Show
View Real Time Build Order
Export as new Build Order

Ekelpack Zerg - Winner!

Build Orders: Hatch First 

Get SALT Encoding   

  12  0:01  Drone  
  13  0:13  Overlord  
  13  0:19  Drone  
  14  0:32  Drone  
  15  0:49  Hatchery  
  14  0:52  Drone  
  15  1:06  Spawning Pool  
  15  1:09  Drone  
  15  1:19  Drone  
  15  1:22  Extractor  
  15  1:23  Drone  
  16  1:25  Drone  
  17  1:34  Drone  
  18  1:45  Drone  
  19  1:53  Zergling x2  
  20  1:54  Queen  
  22  2:02  Queen  
  24  2:10  Overlord  
  24  2:21  Metabolic Boost  
  24  2:23  Drone x2  
  24  2:29  Zergling x2  
  27  2:38  Zergling x6  
  30  2:54  Drone x2  
  30  2:55  Drone  
  33  2:58  Lair  
  33  3:06  Drone x3  
  33  3:09  Overlord  
  36  3:13  Extractor  
  36  3:15  Extractor  
  34  3:20  Queen  
  34  3:26  Overlord  
  36  3:32  Drone x2  
  38  3:36  Drone x2  
  40  3:50  Drone x3  
  40  3:51  Drone x3  
  40  3:53  Drone  
  40  3:54  Drone  
  47  4:13  Extractor  
  46  4:18  Spire  
  46  4:21  Drone x5  
  50  4:25  Drone x2  
  52  4:34  Overlord  
  52  4:38  Overlord  
  52  4:39  Overlord  
  52  4:50  Overlord  
  52  4:54  Zergling x6  
  52  4:55  Zergling x6  
  58  5:03  Drone  
  58  5:04  Evolution Chamber  
  56  5:08  Zergling x6  
  56  5:11  Zergling x2  
  60  5:23  Overlord  
  60  5:35  Mutalisk x6  
  72  5:55  Zerg Flyer Weapons Level 1, Mutalisk  
  72  5:56  Mutalisk x2  
  78  6:00  Overlord  
  78  6:14  Mutalisk x2  
  78  6:15  Mutalisk x3  
  88  6:25  Hatchery  
  88  6:27  Mutalisk  
  89  6:35  Pneumatized Carapace  
  89  6:37  Zergling x10  
  94  6:41  Overlord  
  94  7:02  Overlord x2  
  94  7:03  Mutalisk x3  
  98  7:30  Mutalisk x3  
  98  7:31  Zergling x8  
  98  7:32  Zergling x6  
  111  7:49  Zergling x8  
  113  8:08  Drone  
  113  8:09  Drone x4  
  112  8:19  Drone x3  
  115  8:31  Extractor  
  115  8:32  Extractor  
  113  8:36  Overlord x4  
  113  8:37  Mutalisk x5  
  121  9:08  Zerg Flyer Weapons Level 2  
  121  9:10  Zerg Melee Weapons Level 1  
  121  9:12  Zergling x4  
  121  9:13  Zergling x12, Infestation Pit  
  121  9:14  Zergling x12  
  134  9:23  Drone x2  
  136  9:41  Zergling x2  
  136  9:42  Zergling x12  
  136  9:43  Zergling x10  
  148  9:48  Evolution Chamber  
  148  9:50  Hive  
  134  10:15  Zergling x6  
  134  10:16  Zergling x6, Mutalisk x5  
  134  10:17  Mutalisk x3  
  146  10:46  Mutalisk x3  
  146  10:47  Mutalisk x4  
  146  10:48  Overlord x4  
  146  10:49  Overlord  
  158  11:12  Zerg Ground Armor Level 1  
  158  11:13  Ultralisk Cavern  
  158  11:14  Zergling x8  
  158  11:15  Zergling x6  
  164  11:38  Adrenal Glands  
  162  12:06  Mutalisk x3  
  162  12:07  Mutalisk  
  162  12:08  Zergling x14  
  175  12:09  Zergling x8  
  175  12:10  Zergling x2  
  179  12:45  Mutalisk x4  
  179  12:46  Zergling x2, Mutalisk  
  179  12:47  Zergling x10  
  179  12:48  Zergling x6  
Show
View Real Time Build Order
Export as new Build Order

Nyck Terran - Winner!

Build Orders: 2 Factory 

Get SALT Encoding   

  12  0:00  SCV  
  13  0:12  SCV  
  14  0:19  Supply Depot  
  14  0:24  SCV  
  15  0:40  SCV  
  15  0:41  Barracks  
  16  0:49  Refinery  
  16  0:53  SCV  
  17  1:05  SCV  
  18  1:17  SCV  
  19  1:29  Orbital Command  
  19  1:32  Reaper  
  20  1:35  Supply Depot  
  20  1:56  Refinery  
  20  1:57  SCV  
  21  2:09  Factory  
  21  2:13  SCV, Barracks  
  22  2:27  SCV  
  22  2:28  Marine  
  24  2:45  Marine  
  25  3:02  SCV  
  25  3:04  Factory Reactor  
  26  3:07  Factory  
  26  3:09  Supply Depot  
  26  3:12  Barracks Tech Lab, Barracks Reactor  
  26  3:14  SCV  
  27  3:32  SCV  
  28  3:34  Marine  
  28  3:39  Combat Shield  
  29  3:45  Engineering Bay  
  29  3:54  Command Center  
  29  4:04  SCV  
  29  4:05  Marine x3  
  29  4:08  Hellion x2  
  37  4:11  Factory Reactor  
  37  4:12  Factory Tech Lab  
  37  4:21  SCV  
  38  4:24  Marine  
  38  4:30  Marine  
  39  4:37  Supply Depot  
  39  4:38  Supply Depot  
  39  4:58  Stimpack  
  39  4:59  Siege Tank, Marine, Terran Infantry Weapons Level 1, SCV  
  44  5:08  Starport  
  44  5:36  Marauder  
  44  5:39  Marine x2  
  50  5:57  Marauder  
  50  6:02  Orbital Command  
  49  6:17  SCV  
  50  6:29  SCV  
  50  6:30  Supply Depot  
  50  6:31  Marine x2, Marauder  
  55  6:34  Starport Reactor  
  55  6:35  Refinery  
  55  6:38  Concussive Shells  
  55  6:41  SCV  
  55  6:42  Refinery  
  55  6:43  Hellion x3  
  55  6:44  Infernal Pre-Igniter  
  62  6:50  Marine x2  
  62  6:53  SCV  
  65  6:57  SCV  
  66  7:05  SCV  
  67  7:09  Marine x3  
  67  7:10  SCV  
  67  7:12  Hellion x2  
  67  7:13  Siege Tank  
  78  7:17  Terran Infantry Armor Level 1  
  78  7:22  Supply Depot  
  78  7:44  SCV x2, Marine x2, Medivac x2  
  78  7:45  Supply Depot  
  86  7:54  Command Center  
  86  8:06  Marine  
  86  8:07  Supply Depot, SCV x2  
  89  8:17  Marine x2  
  89  8:19  SCV x2  
  93  8:24  Marine  
  94  8:29  Siege Tank  
  97  8:50  Marine x2  
  97  8:51  Marine  
  97  8:54  Hellion  
  102  9:02  Supply Depot, Siege Tank, Hellion  
  107  9:11  Marine x2  
  107  9:12  Marine  
  107  9:15  Widow Mine  
  112  9:21  Armory  
  112  9:24  Widow Mine  
  114  9:25  Supply Depot  
  114  9:26  SCV x2  
  114  9:29  Marine x2  
  114  9:30  Marine  
  119  9:34  Widow Mine  
  119  9:37  Widow Mine  
  123  9:45  Widow Mine  
  125  9:47  Marine x3  
  125  9:48  Supply Depot  
  120  9:56  Widow Mine  
  120  9:58  Widow Mine  
  124  10:05  Marine x3  
  124  10:06  Widow Mine  
  129  10:17  Widow Mine  
  129  10:20  Widow Mine  
  131  10:23  Marine  
  131  10:25  SCV x2  
  131  10:26  Orbital Command  
  131  10:28  Widow Mine  
  126  10:31  Marine x2, Refinery  
  128  10:36  Medivac x2  
  128  10:38  Supply Depot  
  128  10:39  Supply Depot, Widow Mine  
  128  10:40  SCV x2  
  128  10:41  Marine, Terran Infantry Weapons Level 2  
  137  10:43  Terran Vehicle And Ship Armor Level 1  
  137  10:46  Armory  
  137  10:50  Marine x2  
  137  10:52  SCV x2  
  141  10:59  Marine  
  142  11:05  Hellion x2  
  142  11:06  Medivac  
  142  11:07  Marine, Widow Mine  
  142  11:08  Marine  
  152  11:17  Marine  
  153  11:25  Marine x2  
  155  11:34  Marine  
  156  11:43  Marine x2  
  158  11:51  SCV x3  
  158  11:52  Marine  
  162  11:56  Siege Tank  
  162  12:01  Supply Depot, Marine x2  
  165  12:03  Supply Depot  
  167  12:10  Marine  
  167  12:14  Hellion x2  
  172  12:19  Marine  
  173  12:22  Marine  
  173  12:23  SCV x3  
  173  12:24  Supply Depot  
  173  12:26  Refinery  
  173  12:27  Supply Depot  
  173  12:28  Siege Tank, Marine  
  181  12:35  SCV x3, Hellion x2  
  181  12:37  Marine  
  189  12:46  Marine x2  
  189  12:47  Supply Depot, SCV x3  
  194  12:51  Supply Depot  
  194  12:54  Marine  
  194  12:56  Hellion  
Show
View Real Time Build Order
Export as new Build Order

DrWhiskers Zerg 

Build Orders: Pool First 

Get SALT Encoding   

  12  0:00  Drone  
  13  0:08  Drone  
  14  0:17  Overlord  
  14  0:35  Spawning Pool  
  13  0:38  Drone  
  13  0:41  Drone  
  15  0:46  Drone  
  16  0:51  Drone  
  17  1:13  Hatchery  
  16  1:22  Zergling x4  
  16  1:23  Zergling x2  
  19  1:32  Extractor  
  18  1:37  Overlord  
  18  1:51  Queen  
  18  1:52  Drone  
  21  1:55  Drone  
  22  2:12  Drone  
  22  2:15  Roach Warren  
  22  2:16  Drone  
  23  2:40  Queen  
  25  2:46  Extractor  
  25  2:49  Drone  
  25  2:50  Drone x5  
  29  2:59  Lair  
  29  3:12  Overlord  
  29  3:29  Overlord x2  
  29  3:30  Queen  
  31  3:35  Drone x3  
  34  3:53  Roach x4  
  41  4:06  Glial Reconstitution  
  41  4:08  Roach  
  41  4:09  Roach  
  44  4:20  Spine Crawler  
  42  4:29  Roach  
  42  4:30  Roach x3  
  50  4:48  Drone x2  
  52  4:55  Spire  
  52  4:57  Drone  
  52  4:59  Overlord  
  52  5:27  Drone x6  
  52  5:28  Drone x2, Overlord  
  60  5:29  Overlord  
  60  5:35  Overseer  
  60  5:53  Extractor  
  59  6:01  Evolution Chamber  
  59  6:03  Evolution Chamber  
  57  6:04  Hatchery  
  56  6:14  Mutalisk x4  
  64  6:26  Hydralisk Den  
  63  6:45  Spore Crawler  
  62  6:47  Overlord x2  
  62  6:48  Overlord x2  
  62  7:01  Spore Crawler  
  62  7:06  Mutalisk x2  
  65  7:14  Extractor  
  64  7:17  Drone x8  
  59  7:32  Spore Crawler  
  52  7:39  Spore Crawler  
  52  7:41  Spore Crawler  
  52  7:43  Spore Crawler  
  45  7:48  Hydralisk  
  27  8:15  Drone  
  27  8:16  Drone x7  
  35  8:35  Grooved Spines  
  35  8:36  Hydralisk  
  35  8:37  Hydralisk  
  37  8:42  Spore Crawler  
  30  8:49  Hydralisk  
  32  9:01  Queen  
  34  9:16  Queen  
  36  9:25  Drone  
  36  9:26  Drone x4  
  41  9:31  Zerg Missile Weapons Level 1  
  41  9:55  Hydralisk x3  
  47  10:00  Drone  
  47  10:01  Drone x2  
  50  10:12  Queen  
  52  10:16  Queen  
  48  10:39  Spore Crawler  
  45  10:45  Hydralisk x4  
  41  11:06  Muscular Augments  
  41  11:10  Zerg Ground Armor Level 1  
  41  11:11  Drone  
  41  11:12  Drone x4  
  46  11:29  Spore Crawler  
  45  11:45  Hatchery  
  44  11:55  Hydralisk  
  44  11:56  Hydralisk  
  50  12:37  Roach x2  
  50  12:42  Overlord x3  
  52  12:45  Spine Crawler  
  52  12:47  Spine Crawler  
  52  12:48  Spine Crawler  
  49  12:52  Spine Crawler  
Show
View Real Time Build Order
Export as new Build Order

MrBiscuit Terran 

Build Orders:  

Get SALT Encoding   

  12  0:00  SCV  
  13  0:15  SCV  
  14  0:25  Supply Depot  
  14  0:28  SCV  
  15  0:46  SCV  
  16  0:51  Barracks  
  16  0:57  Refinery  
  16  0:58  SCV  
  17  1:10  SCV  
  18  1:23  SCV  
  19  1:35  SCV  
  20  1:53  Command Center  
  20  1:57  Orbital Command  
  20  1:59  Barracks Reactor  
  20  2:11  Barracks  
  20  2:12  Barracks  
  20  2:17  Supply Depot  
  20  2:22  SCV  
  21  2:49  Marine x2  
  23  2:52  SCV  
  24  3:06  SCV  
  24  3:09  Orbital Command  
  25  3:17  Marine  
  25  3:18  Barracks Tech Lab, SCV  
  27  3:26  Barracks Tech Lab  
  27  3:29  Factory  
  27  3:30  SCV  
  28  3:34  Supply Depot  
  28  3:42  SCV  
  28  3:43  Combat Shield, Refinery  
  29  3:57  SCV  
  29  3:58  SCV  
  29  4:21  Factory Reactor  
  29  4:26  Starport  
  29  4:28  Marine x4  
  33  4:46  Marine x3  
  33  4:47  Marauder  
  38  5:03  Marine  
  38  5:04  Marine x2  
  41  5:07  Marine  
  41  5:10  Orbital Command  
  41  5:21  Marine  
  41  5:22  Marauder  
  41  5:25  SCV  
  41  5:26  Marine, Marauder  
  41  5:28  Medivac  
  50  5:32  Factory Tech Lab  
  50  5:37  SCV  
  50  5:39  Marine  
  52  5:43  Marine x2  
  54  5:57  Supply Depot  
  54  5:59  Supply Depot  
  54  6:00  Supply Depot  
  54  6:01  Supply Depot  
  54  6:02  Supply Depot  
  54  6:19  SCV x2, Marine x2, Siege Tank  
  54  6:20  Marauder  
  63  6:31  SCV x2  
  65  6:35  Marine  
  65  6:37  Marine, Marauder  
  69  6:41  Marine  
  69  6:43  SCV x2  
  72  6:51  Siege Tank  
  72  6:53  Marine  
  76  6:54  Marine  
  76  6:59  Marauder  
  76  7:00  Marauder  
  81  7:02  Medivac  
  81  7:07  Supply Depot  
  83  7:08  Supply Depot  
  83  7:09  Supply Depot  
  83  7:10  Supply Depot  
  83  7:11  Marine, Refinery  
  83  7:14  Supply Depot, SCV x2  
  83  7:15  Refinery  
  86  7:26  SCV x2  
  88  7:38  SCV x2  
  90  7:48  Marine  
  90  7:49  Marine x3  
  92  7:59  Engineering Bay  
  92  8:02  Engineering Bay  
  92  8:05  Command Center  
  92  8:06  Marine  
  92  8:07  Marine x2  
  92  8:08  Marauder  
  97  8:17  Siege Tank  
  97  8:18  Medivac  
  102  8:24  Marine x2  
  102  8:25  Marine  
  105  8:29  Marauder  
  107  8:42  Marine  
  107  8:46  Marine, Marauder  
  111  8:49  Siege Tank  
  111  8:50  Marine  
  115  9:00  Marine  
  116  9:04  Marine  
  117  9:10  Medivac x2  
  121  9:21  Siege Tank  
  121  9:22  Missile Turret  
  121  9:23  Missile Turret  
  124  9:29  Missile Turret  
  124  9:30  Missile Turret  
  124  9:31  Missile Turret  
  124  9:47  Missile Turret x2  
  122  9:53  Siege Tank  
  123  10:25  Siege Tank  
  123  10:30  SCV x2  
  125  10:42  SCV x2  
  127  10:54  SCV x2  
  129  11:06  Siege Tank  
  129  11:07  Medivac x2  
  136  11:35  Marine x3  
  136  11:36  Marauder  
  136  11:37  Medivac x2  
  136  11:38  Siege Tank  
  148  11:47  Engineering Bay  
  148  11:53  Marine x3  
  132  12:07  Medivac x2  
  136  12:35  SCV  
  136  12:36  Siege Tank  
  129  12:37  Viking  
  96  12:47  SCV  
  74  12:59  SCV  
Tags
 
Add a new tag
Caveats
  • Supply blocks, unpowered buildings, or Contaminate may cause inaccurate times.
  • Supply counts are checked every 10 seconds.